 Dungeon Crawl Stone Soup version 0.31-a0-233-g139696dc86 (webtiles) character file.

Game seed: 6131130294292141032

63 qw the Shooter (level 4, -1/26 HPs)
             Began as a Gargoyle Hexslinger on July 8, 2023.
             Slain by a white imp (3 damage)
             ... on level 3 of the Dungeon.
             The game lasted 00:00:37 (2267 turns).

qw the Shooter (Gargoyle Hexslinger)                Turns: 2267, Time: 00:00:38

Health: -1/26      AC:  8    Str: 12    XL:     4   Next: 10%
Magic:  5/5        EV: 10    Int: 13    God:
Gold:   108        SH:  0    Dex: 14    Spells: 4/5 levels left

rFire   . . .        Y - +1 sling
rCold   . . .        (no shield)
rNeg    + . .        f - +0 ring mail
rPois   inf          (no helmet)
rElec   +            (no cloak)
rCorr   .            (no gloves)
SInv    .            (no boots)
Will    .....        (no amulet)
Stlth   +            (no ring)
HPRegen 0.24/turn    (no ring)
MPRegen 0.09/turn

%: no passive effects
@: about to teleport
A: sickness immunity, AC +3, negative energy resistance 1, electricity
resistance, torment resistance 1, petrification resistance
a: no special abilities


You were on level 3 of the Dungeon.
You visited 1 branch of the dungeon, and saw 3 of its levels.

You collected 108 gold pieces.


Innate Abilities, Weirdness & Mutations

You are immune to sickness and miasma.
Your stone body is resilient. (AC +3)
You are immune to poison.
You resist negative energy. (rN+)
You are resistant to electric shocks. (rElec)
You are resistant to unholy torment.
You are immune to petrification.


   Skills:
 - Level 2.0 Fighting
 + Level 3.9 Ranged Weapons
 - Level 1.5 Dodging
 - Level 1.0 Spellcasting
 - Level 2.6 Hexes


You had 4 spell levels left.
You knew the following spells:

 Your Spells              Type           Power      Damage    Failure   Level
a - Slow                  Hex            28%        N/A       22%         1

Your spell library contained the following spells:

 Spells                   Type           Power      Damage    Failure   Level
 Inner Flame              Hex/Fire       4%         N/A       73%         3
 Portal Projectile        Hex/Tloc       8%         N/A       73%         3
 Cause Fear               Hex            3%         N/A       91%         4

Inventory:

Hand Weapons
 Y - a +1 sling (weapon)
Armour
 f - a +0 ring mail (worn)
Scrolls
 a - 2 scrolls of identify
 c - a scroll of noise {unknown}
Potions
 b - a potion of might {unknown}
 d - a potion of brilliance {unknown}
 g - 3 potions of enlightenment

Dungeon Overview and Level Annotations

Branches:
Dungeon (3/15)

Altars:


Message History

Enter note:
Enter note:
Enter note:
Enter note: You shoot a sling bullet.
The sling bullet barely misses the rat.
You shoot a sling bullet. The sling bullet hits the rat.
You kill the rat!
You open the door.
There is an open door here.
A white imp comes into view.
The white imp shouts, "Bolt, thou impertinent dread-bolted haggard!"
Enter note:
Enter note:
Enter note:
Enter note: You shoot a sling bullet.
The sling bullet hits the white imp but does no damage.
The white imp barely misses you.
You shoot a sling bullet.
The sling bullet barely misses the white imp.
The white imp hits you. The white imp freezes you.
The white imp hits you but does no damage.
You shoot a sling bullet. The sling bullet hits the white imp.
The white imp is lightly wounded.
The white imp hits you. The white imp freezes you.
You shoot a sling bullet.
The sling bullet barely misses the white imp.
The white imp gestures at you. The puff of frost hits you!
You shoot a sling bullet.
The sling bullet hits the white imp but does no damage.
The white imp is lightly wounded.
The white imp gestures at you. The puff of frost hits you.
The white imp hits you but does no damage.
2267 ||| READING scroll of teleportation.
As you read the scroll of teleportation, it crumbles to dust.
You feel strangely unstable. The white imp hits you. The white imp freezes you.
You die...

#.#.......'........
#.#.......#########
#.#........#
#.#........#
..#........# #
#.#........# #..
#.#.#+####.#
#..#5#.#.####.#
#....@......#..
#.##.######.####
..? #.... #####


You could see a white imp.

Vanquished Creatures
  An adder (D:3)
  4 worms
  4 dart slugs
  3 bats (D:1)
  3 endoplasms
  A giant cockroach (D:3)
  A goblin (D:1)
  3 hobgoblins
  3 jackals (D:1)
  A quokka (D:1)
  4 ball pythons
  3 kobolds
  3 rats
34 creatures vanquished.

Notes
Turn   | Place    | Note
-------+----------+-------------------------------------------
     0 | D:1      | qw the Gargoyle Hexslinger began the quest for the Orb.
     0 | D:1      | Reached XP level 1. HP: 12/12 MP: 2/2
     0 | D:1      | 0 ||| qw: Version: 0.3-a-46-gb1f654a
     0 | D:1      | 0 ||| qw: Game counter: 3560
     0 | D:1      | 0 ||| qw: Melee chars always use a shield: true
     0 | D:1      | 0 ||| qw: God list: Okawaru
     0 | D:1      | 0 ||| qw: Allow faded altars: false
     0 | D:1      | 0 ||| qw: Do Orc after clearing Dungeon:15 true
     0 | D:1      | 0 ||| qw: Do second Lair branch before Depths: true
     0 | D:1      | 0 ||| qw: Lair rune preference: random
     0 | D:1      | 0 ||| qw: Goals: Normal
     0 | D:1      | 0 ||| PLANNING D:1-11
    61 | D:1      | Reached XP level 2. HP: 16/16 MP: 3/3
   160 | D:1      | Reached skill level 3 in Ranged Weapons
   746 | D:1      | 746 ||| UPGRADING to +0 ring mail.
   756 | D:1      | 756 ||| DROPPING +0 robe.
   757 | D:1      | 757 ||| READING 2 scrolls labelled XIME DOONUIX.
   758 | D:1      | 758 ||| READING 2 scrolls labelled IMAMORENNA.
   763 | D:1      | 763 ||| DRINKING 2 inky potions.
   764 | D:1      | 764 ||| DROPPING scroll of poison.
   823 | D:2      | Reached XP level 3. HP: 9/21 MP: 4/4
  1785 | D:2      | 1785 ||| READING 2 scrolls labelled DIMIJE BONY.
  1786 | D:2      | 1786 ||| DROPPING scroll of blinking.
  2063 | D:3      | Reached XP level 4. HP: 26/26 MP: 5/5
  2266 | D:3      | HP: 4/26 [white imp/puff of frost (5)]
  2267 | D:3      | 2267 ||| READING scroll of teleportation.
  2267 | D:3      | Slain by a white imp

Levels and vault maps discovered:
D:1:      dpeg_arrival_connections, layout_loops_ring
D:2:      layout_loops_corners
D:3:      layout_basic, serial_shops, nicolae_shop_stone

Skill      XL: |  1  2 |
---------------+-------+-----
Ranged Weapons | 3 |  3.9
Fighting       | 2 |  2.0
Dodging        | |  1.5
Spellcasting   | |  1.0
Hexes          | |  2.6

Action                     |  1- 3 |  4- 6 || total
---------------------------+-------+-------++-------
   Fire: Sling             |   132 |    22 ||   154
    Use: Scroll            |     3 |     1 ||     4
         Potion            |     1 |       ||     1
 Armour: Robe              |    10 |       ||    10
         Ring mail         |    25 |     2 ||    27
  Dodge: Dodged            |    30 |     2 ||    32

Table legend:
 A = Non-vault XP
 B = Vault XP
 C = Vault XP percentage of total XP
 D = Non-vault monster count
 E = Vault monster count
 F = Vault count percentage of total count
                 A         B        C        D         E       F
            +---------+---------+-------+---------+---------+-------
      Total |      91 |       0 |   0.0 |      34 |       0 |   0.0
            +---------+---------+-------+---------+---------+-------
        D:1 |      30 |       0 |   0.0 |      16 |       0 |   0.0
        D:2 |      29 |       0 |   0.0 |       9 |       0 |   0.0
        D:3 |      32 |       0 |   0.0 |       9 |       0 |   0.0
            +---------+---------+-------+---------+---------+-------
